 Dungeon Crawl Stone Soup version 0.32-a0-656-g3542139ebd (webtiles) character file.

Game seed: 4611863568580484635

12439 runemasterragnar the Carver (level 11, -6/114 (139) HPs)
             Began as a Coglin Artificer on Mar 9, 2024.
             Was a Priest of Wu Jian.
             Mangled by a spectral orc knight
             ... wielding a +0 halberd
             ... summoned by Nergalle
              (13 damage)
             ... on level 11 of the Dungeon.
             The game lasted 00:24:44 (13363 turns).

runemasterragnar the Carver (Coglin Artificer)     Turns: 13363, Time: 00:24:45

HP:   -6/114 (139)  AC: 11    Str: 17    XL:     11   Next: 93%
MP:   11/11         EV:  9    Int: 11    God:    Wu Jian [***...]
Gold: 547           SH:  0    Dex: 14    Spells: 10/10 levels left

rFire   . . .        n - +4 falchion {Svenja}
rCold   . . .        u - +2 scimitar (freeze) {Francisca}
rNeg    . . .        t - +0 scale mail
rPois   .            (no helmet)
rElec   .            v - +0 cloak
rCorr   .            G - +0 pair of gloves
SInv    .            g - +0 pair of boots
Will    .....        (amulet unavailable) Stlth
                     (ring unavailable)
HPRegen 0.39/turn    (ring unavailable)
MPRegen 0.12/turn    (no gizmo)

%: no passive effects
@: berserking, heavily drained, revved, very quick
A: off-hand wielding, slow wielding, warmup strikes, no jewellery
a: Invent Gizmo, Renounce Religion, Wall Jump, Serpent's Lash


You were on level 11 of the Dungeon.
You worshipped Wu Jian.
Wu Jian was most pleased with you.
You visited 2 branches of the dungeon, and saw 12 of its levels.

You collected 547 gold pieces.

Inventory:

Hand Weapons
 a - a +2 whip of flaming {Svenja}
 h - a +1 flail of draining {Qiu}
 n - a +4 falchion (weapon) {Svenja}
 u - a +2 scimitar of freezing (offhand) {Francisca}
 w - the +3 long sword "Wiocrey" {flame, Fly rC++ Str-5 Int+4}
   (You found it on level 9 of the Dungeon)

   Str-5:     It affects your strength (-5).
   Int+4:     It affects your intelligence (+4).
   rC++:      It greatly protects you from cold.
   Fly:       It grants you flight.
 x - a +0 short sword {Agustín}
 y - a +0 short sword {Cedro}
Missiles
 j - 5 poisoned darts (quivered)
 k - 5 boomerangs
 s - 2 atropa-tipped darts
 E - 2 javelins
Armour
 g - a +0 pair of boots (worn)
 l - a +0 ring mail
 t - a +0 scale mail (worn)
 v - a +0 cloak (worn)
 G - a +0 pair of gloves (worn)
Wands
 c - a wand of flame (9)
 d - a wand of charming (15)
 m - a wand of roots (4)
Scrolls
 f - a scroll of enchant armour
 o - 5 scrolls of teleportation
Potions
 b - 6 potions of curing
 e - a potion of brilliance {unknown}
 i - 2 potions of degeneration {unknown}
 p - a potion of magic
 q - 4 potions of mutation
 r - a potion of heal wounds
 z - a potion of berserk rage
 A - 2 potions of resistance {unknown}
 B - 2 potions of attraction {unknown}
 C - a potion of enlightenment {unknown}
 D - a potion of might {unknown}


   Skills:
 + Level 11.0 Fighting
 * Level 11.8 Long Blades
 - Level 3.0 Maces & Flails
 - Level 4.7 Throwing
 - Level 5.3 Armour
 - Level 0.8 Dodging
 - Level 0.7 Stealth
 - Level 7.1 Evocations


You had 10 spell levels left.
You didn't know any spells.
Your spell library contained the following spells:

 Spells                   Type           Power      Damage    Failure   Level
 Blink                    Tloc           0%         N/A       86%         2
 Lesser Beckoning         Tloc           0%         N/A       86%         2
 Momentum Strike          Conj/Tloc      0%         3d8       86%         2
 Gell's Gravitas          Tloc           0%         N/A       97%         3
 Teleport Other           Tloc           0%         N/A       97%         3
 Dispersal                Tloc           0%         N/A       100%        6


Dungeon Overview and Level Annotations

Branches:
Dungeon (11/15)            Temple (1/1) D:5            Lair (0/5) D:9
    Orc (0/2) D:10

Altars:
Ashenzari
Cheibriados
Dithmenos
Elyvilon
Fedhas
Gozag
Hepliaklqana
Kikubaaqudgha
Makhleb
Nemelex Xobeh
Okawaru
Qazlal
Ru
Sif Muna
Trog
Uskayaw
Vehumet
Wu Jian
Xom
Yredelemnul
Zin
The Shining One
Beogh

Shops:
D:1 [   D:4 *   D:9 *

Annotations:
D:6 2 transporters, Menkaure
D:9 2 transporters, Posi's ghost, novice TrFi
D:11 exclusion: ice statue, Fannar; Nergalle


Innate Abilities, Weirdness & Mutations

You can wield a second weapon in your off-hand.
It takes a long time for you to wield or remove held weapons.
Your first few attacks do less damage.
You cannot equip rings or amulets.


Message History

You freeze Nergalle. You hit Nergalle with your +4 falchion.
Nergalle is heavily wounded.
You closely miss Nergalle with your +2 scimitar of freezing.
The spectral orc warrior hits you from afar with a +0 trident.
You feel drained.
* * * LOW HITPOINT WARNING * * *
Nergalle hits you but does no damage.
Unknown command.
Unknown command.
You hit Nergalle with your +4 falchion.
Nergalle is heavily wounded.
You hit Nergalle with your +2 scimitar of freezing.
You freeze Nergalle.
The spectral orc warrior closely misses you.
Nergalle hits you but does no damage.
The spectral orc knight hits you from afar with a +0 halberd!
* * * LOW HITPOINT WARNING * * *
Unknown command.
Okay, then.
You barely miss Nergalle with your +2 scimitar of freezing.
Nergalle is severely wounded.
You hit Nergalle with your +4 falchion.
The spectral orc warrior barely misses you.
Nergalle says, "Orcish loyalty transcends such trifles as death."
Nergalle gestures at you while chanting.
The bolt of negative energy hits you!
You feel drained.
* * * LOW HITPOINT WARNING * * *
Unknown command.
Unknown command.
You feel much better. The spectral orc warrior misses you.
The spectral orc knight barely misses you.
The spectral orc warrior hits you from afar with a +0 trident.
Nergalle gestures at you while chanting.
The bolt of negative energy hits you!!
You feel drained.
* * * LOW HITPOINT WARNING * * *
A red film seems to cover your vision as you go berserk!
You feel yourself moving faster!
You feel mighty!
The spectral orc warrior hits you but does no damage.
The spectral orc knight hits you from afar with a +0 halberd!
You die...

#.......≈§ ......K.........
#..........§...........#####
#..#####.#.............#
#..# .............o# #..#
#........)....# #..#
#.............#
#..#######..............
#...................
#..........@o.......
#..#########.Z########
#..#########)Z........
#.....................
######################


You could see Nergalle, a spectral orc warrior (summoned, fast) and a spectral
orc knight (summoned).

Vanquished Creatures
  Erolcha (D:11)
  A two-headed ogre (D:9)
  Lodul (D:11)
  Pikel (D:4)
  A cyclops (D:11)
  A gargoyle (D:11)
  A kobold demonologist (D:11)
  A komodo dragon (D:11)
  2 trolls (D:10)
  A hornet (D:10)
  15 yaks
  A wyvern (D:7)
  2 steam dragons (D:7)
  3 vampire mosquitoes (D:11)
  A water moccasin (D:8)
  An acid dragon (D:11)
  7 orc warriors
  A black bear (D:7)
  3 ice beasts
  2 sky beasts (D:7)
  A centaur (D:9)
  11 ogres
  3 phantoms
  2 wolves (D:8)
  Blork the orc (D:5)
  5 bullfrogs
  A kobold brigand (D:11)
  7 scorpions
  A gnoll sergeant (D:5)
  4 wights (D:6)
  2 killer bees (D:11)
  An electric eel (D:9)
  A howler monkey (D:6)
  2 bombardier beetles
  A hound (D:7)
  A jelly (D:6)
  7 orc priests
  2 gnoll boudas
  2 iguanas
  2 sleepcaps
  9 orc wizards
  13 gnolls
  9 adders
  6 shadow imps
  A white imp (D:6)
  3 ufetubi
  2 dart slugs (D:4)
  2 ribbon worms
  43 orcs
  7 bats
  5 endoplasms
  A giant cockroach (D:3)
  9 goblins
  4 hobgoblins
  7 jackals
  8 kobolds
  3 quokkas
  7 ball pythons
  4 frilled lizards
  5 rats
252 creatures vanquished.

Vanquished Creatures (collateral kills)
  A wyvern (D:10)
  Grum (D:8)
  An ogre (D:6)
  2 killer bees (D:11)
  An orc wizard (D:7)
  2 gnolls (D:8)
  An orc (D:11)
  An endoplasm (D:3)
10 creatures vanquished.

Vanquished Creatures (others)
  A yak (D:8)
  A wolf (D:8)
  3 gnolls
5 creatures vanquished.

Grand Total: 267 creatures vanquished

Notes
Turn   | Place    | Note
-------+----------+-------------------------------------------
     0 | D:1      | runemasterragnar the Coglin Artificer began the quest for
                  | the Orb.
     0 | D:1      | Reached XP level 1. HP: 15/15 MP: 1/1
   124 | D:1      | Reached XP level 2. HP: 15/21 MP: 2/2
   328 | D:1      | Found Peiboerou's Armour Shop.
   641 | D:2      | Found a faded altar of an unknown god.
   688 | D:2      | Reached XP level 3. HP: 25/27 MP: 3/3
  1617 | D:3      | Reached skill level 5 in Evocations
  1837 | D:3      | Reached XP level 4. HP: 34/34 MP: 4/4
  2144 | D:3      | Reached skill level 1 in Throwing
  2689 | D:4      | Noticed an ogre
  2692 | D:4      | Killed an ogre
  2693 | D:4      | Reached XP level 5. HP: 31/41 MP: 5/5
  3001 | D:4      | Reached XP level 6. HP: 40/47 MP: 6/6
  3416 | D:4      | Noticed Pikel
  3424 | D:4      | Killed Pikel
  3425 | D:4      | Reached XP level 7. HP: 49/55 MP: 7/7
  3474 | D:4      | Found Jept's Serpentskin Sales.
  3509 | D:4      | Reached XP level 8. HP: 45/61 MP: 8/8
  3845 | D:5      | Entered Level 5 of the Dungeon
  4020 | D:5      | Noticed Blork the orc
  4031 | D:5      | Killed Blork the orc
  4186 | D:5      | Reached skill level 5 in Fighting
  4722 | D:5      | Found a shadowy altar of Dithmenos.
  4722 | D:5      | Found a glowing golden altar of the Shining One.
  5027 | D:5      | Reached skill level 5 in Armour
  5281 | D:5      | Found a staircase to the Ecumenical Temple.
  5297 | Temple   | Entered the Ecumenical Temple
  5302 | Temple   | Became a worshipper of the Wu Jian Council
  5854 | D:6      | Found an ancient bone altar of Kikubaaqudgha.
  5856 | D:6      | Noticed Menkaure
  5877 | D:6      | Reached skill level 1 in Maces & Flails
  5968 | D:6      | Reached XP level 9. HP: 69/69 MP: 9/9
  6152 | D:6      | Found a basalt altar of Yredelemnul.
  6185 | D:6      | Found a transporter.
  6339 | D:6      | Found a transporter.
  6668 | D:6      | Reached skill level 1 in Long Blades
  7000 | D:6      | Reached * piety under Wu Jian
  8257 | D:7      | Reached skill level 5 in Long Blades
  8434 | D:7      | Reached XP level 10. HP: 76/80 MP: 10/10
  9392 | D:8      | Noticed Grum
  9409 | D:8      | Killed Grum
  9509 | D:8      | Found a blossoming altar of Fedhas.
  9724 | D:9      | Noticed a two-headed ogre
  9726 | D:9      | Noticed a two-headed ogre
  9739 | D:9      | Killed a two-headed ogre
  9750 | D:9      | Reached ** piety under Wu Jian
 10054 | D:9      | Noticed a centaur warrior
 10057 | D:9      | Noticed a fire crab
 10115 | D:9      | Identified the +3 long sword "Wiocrey" {flame, Fly rC++
                  | Str-5 Int+4}
 10148 | D:9      | Found a transporter.
 10149 | D:9      | Found a staircase to the Lair.
 10157 | D:9      | Noticed Posi's ghost (novice TrFi)
 10164 | D:9      | Found a transporter.
 10215 | D:9      | Found Kilyel's Assorted Antiques.
 10478 | D:9      | Found a white marble altar of Elyvilon.
 10548 | D:10     | Entered Level 10 of the Dungeon
 10557 | D:10     | Reached XP level 11. HP: 40/90 MP: 11/11
 10715 | D:10     | Found a sparkling altar of Nemelex Xobeh.
 11131 | D:10     | Paralysed by a hornet for 3 turns
 11491 | D:10     | Found a staircase to the Orcish Mines.
 11492 | D:10     | Reached skill level 10 in Fighting
 11493 | D:10     | Found a roughly hewn altar of Beogh.
 11535 | D:10     | Reached skill level 10 in Long Blades
 12371 | D:11     | Noticed a cyclops
 12379 | D:11     | Killed a cyclops
 12494 | D:11     | Noticed Erolcha
 12528 | D:11     | Noticed Lodul
 12533 | D:11     | Reached *** piety under Wu Jian
 12533 | D:11     | Killed Lodul
 12541 | D:11     | Killed Erolcha
 12595 | D:11     | Noticed Fannar
 12907 | D:11     | Noticed a sixfirhy
 12962 | D:11     | Noticed Nergalle
 13363 | D:11     | Mangled by a spectral orc knight

Illustrated notes

Levels and vault maps discovered:
D:1:      evilmike_arrival_crescent, layout_rooms, serial_shops, shop
D:2:      layout_loops_cross, ebering_ecumenical_altar_mist, serial_forest,
          infiniplex_forest_clump_large, infiniplex_forest_lined_room_2,
          infiniplex_forest_straight_3, infiniplex_forest_clump_C,
          infiniplex_forest_clump_long, infiniplex_forest_fountain,
          minmay_tiny_reverse_x
D:3:      layout_loops_ring, grunt_ministairs_7, palyth_stone_intersect,
          serial_park_tiny_2
D:4:      layout_rooms, grunt_ministairs_9, guppyfry_shop_venom, uniq_pikel
D:5:      layout_loops_corners, gammafunk_temple_overflow_wave,
          minmay_temple_entry_offerings, uniq_blork_the_orc
D:6:      minmay_razor_zed, layout_basic, gammafunk_temple_of_torment
D:7:      layout_gridville, st_stairs_13, uniq_menkaure
D:8:      layout_loops_cross, fedhas_altar_1, uniq_grum
D:9:      layout_rooms, nicolae_elyvilon_temple_path, lair_entry_dummy,
          serial_shops, nicolae_shop_statue_plus, gammafunk_ghost_arena
D:10:     layout_cave_pods, nemelex_xobeh_ov_fountains_minmay, david_orc_5
D:11:     layout_long_grid, serial_shops, nicolae_lakefront_shop, minivault_15,
          minmay_misc_feat_pillars, uniq_lodul, uniq_nergalle, uniq_erolcha,
          uniq_fannar
Temple:   minmay_freezing_vapour_temple

Skill      XL: |  1  2  3  4  5  6  7  8  9 10 11 |
---------------+----------------------------------+-----
Fighting       | 2 3 4 6 8 9 11 | 11.0
Armour         | 2 4 5 |  5.3
Evocations     | 5 7 |  7.1
Throwing       | 1 3 4 |  4.7
Maces & Flails | 1 3 |  3.0
Long Blades    | 5 9 11 | 11.8
Dodging        | |  0.8
Stealth        | |  0.7

Action                     |  1- 3 |  4- 6 |  7- 9 | 10-12 || total
---------------------------+-------+-------+-------+-------++-------
  Melee: Club              |   120 |    57 |       |       ||   177
         Dagger            |   118 |    57 |       |       ||   175
         Short sword       |       |    85 |   148 |       ||   233
         Flail             |       |       |    56 |       ||    56
         Whip              |       |       |    52 |       ||    52
         Falchion          |       |       |    68 |   246 ||   314
         Scimitar          |       |       |    65 |   263 ||   328
  Throw: Dart              |       |    11 |    11 |    17 ||    39
         Boomerang         |       |    13 |   110 |    11 ||   134
Ability: Lunge             |       |       |     7 |    26 ||    33
         Wall Jump         |       |       |       |     2 ||     2
         Whirlwind         |       |       |       |     9 ||     9
  Evoke: Wand              |       |     8 |    12 |    23 ||    43
    Use: Scroll            |       |     9 |     7 |     4 ||    20
         Potion            |       |     2 |       |     6 ||     8
   Stab: Invisible         |       |       |       |     1 ||     1
 Armour: Leather armour    |    23 |       |       |       ||    23
         Ring mail         |   102 |    87 |   185 |       ||   374
         Scale mail        |       |       |    71 |   221 ||   292
         Skin              |       |       |       |    15 ||    15
  Dodge: Dodged            |    99 |    56 |   152 |   134 ||   441

Table legend: (Time is in decaauts)
 A = Elapsed time spent in this place.
 B = Non-inter-level travel time spent in this place.
 C = Inter-level travel time spent in this place.
 D = Time resting spent in this place.
 E = Time spent auto-exploring this place.
 F = Levels seen in this place.
 G = Mean time per level.
                   A        B        C        D        E       F      G
               +--------+--------+--------+--------+--------+-----+--------+
         Total |  13418 |  13180 |    238 |   3701 |   7259 |  12 | 1118.2 |
       Dungeon |  13405 |  13167 |    238 |   3701 |   7259 |  11 | 1218.6 |
        Temple |     13 |     13 |      0 |      0 |      0 |   1 |   13.0 |
               +--------+--------+--------+--------+--------+-----+--------+

Top non-repeatable levels by time:
    D:10: 1889 daAuts
     D:6: 1837 daAuts
     D:5: 1791 daAuts
     D:7: 1264 daAuts
     D:4: 1157 daAuts
     D:3: 1139 daAuts
     D:8: 1002 daAuts
     D:2: 932 daAuts
    D:11: 922 daAuts
     D:9: 821 daAuts
     D:1: 646 daAuts
  Temple: 13 daAuts
